 Dungeon Crawl Stone Soup version 0.27.1-35-g4d5d836560 (webtiles) character file.

Game seed: 18258555278680339692

53 croobank the Skirmisher (level 3, -3/29 HPs)
             Began as a Demonspawn Fighter on June 19, 2022.
             Slain by Natasha (8 damage)
             ... on level 3 of the Dungeon.
             The game lasted 00:02:58 (1205 turns).

croobank the Skirmisher (Demonspawn Fighter)        Turns: 1205, Time: 00:02:59

Health: -3/29      AC:  6    Str: 16    XL:     3   Next: 62%
Magic:  3/3        EV:  7    Int: 10    God:
Gold:   70         SH:  8    Dex: 12    Spells: 2/2 levels left

rFire    . . .     SeeInvis .   a - +0 war axe
rCold    . . .     Faith    .   c - +0 kite shield
rNeg     . . .     Spirit   .   b - +0 scale mail
rPois    .         Reflect  .   (no helmet)
rElec    .         Harm     .   (no cloak)
rCorr    .         Rampage  .   (no gloves)
Will     .....                  (no boots)
Stlth    ..........             (no amulet)
HPRegen  0.09/turn              (no ring)
MPRegen  0.08/turn              (no ring)

@: mighty, slowed, very slow
A: demonic magic 1
a: no special abilities


You were on level 3 of the Dungeon.
You visited 1 branch of the dungeon, and saw 3 of its levels.

You collected 70 gold pieces.

Inventory:

Hand Weapons
 a - a +0 war axe (weapon)
 g - a +0 short sword
 h - a +0 whip
Missiles
 m - 7 javelins (quivered)
Armour
 b - a +0 scale mail (worn)
 c - a +0 kite shield (worn)
Jewellery
 f - a ring of protection from cold
Scrolls
 e - a scroll of amnesia {unknown}
 i - a scroll of identify {unknown}
 j - a scroll of fear {unknown}
 k - a scroll of fog {unknown}
 l - a scroll of noise {unknown}
Potions
 n - a potion of heal wounds {unknown}


   Skills:
 + Level 3.3 Fighting
 + Level 2.3 Axes
 + Level 3.2 Armour
 + Level 0.1 Dodging
 + Level 3.0 Shields


You had 2 spell levels left.
You didn't know any spells.
Your spell library was empty.

Dungeon Overview and Level Annotations

Branches:
Dungeon (3/15)

Altars:

Annotations:
D:3 Natasha


Innate Abilities, Weirdness & Mutations

Spells you cast may paralyse adjacent enemies.


Message History

The orc priest hits you with a +0 whip.
You closely miss the orc priest.
The orc priest is heavily wounded.
You block the orc priest's attack. The orc closely misses you.
The orc priest begins to cast a cantrip, but forgets the words!
You hit the orc priest.
The orc priest is severely wounded.
You block the orc's attack. The orc priest hits you with a +0 whip.
The orc hits you from afar with a +0 trident.
The orc priest hits you but does no damage.
You hit the orc priest.
You kill the orc priest!
The orc hits you but does no damage. The goblin hits you but does no damage.
Your Shields skill increases to level 3!
You have reached level 3!
Your experience leads to an increase in your attributes!
Increase (S)trength, (I)ntelligence, or (D)exterity?
You feel clever.
You hit the goblin.
You kill the goblin!
There is a shaft here.
A shaft crumbles and collapses.
An orc comes into view. It is wielding a +0 hand axe.
There is a stone staircase leading down here.
You climb downwards.
Reactivating autopickup.
There is a stone staircase leading up here.
Natasha barely misses you.
You hit Natasha.
Natasha is heavily wounded.
Natasha casts a spell at you. The magic dart hits you.
You hit Natasha.
Natasha is heavily wounded.
Natasha casts a spell at you.
You feel yourself slow down. Natasha claws you!
* * * LOW HITPOINT WARNING * * *
You feel very mighty all of a sudden. Natasha claws you!
You die...

### ..
########.#
.........###..#
#......@......#
#.#####h.###..#
#..# #... #.###
#.. ... ...


You could see Natasha.

Vanquished Creatures
  An orc priest (D:2)
  An orc (D:2)
  2 endoplasms
  2 giant cockroaches
  2 hobgoblins
  2 kobolds (D:1)
  2 quokkas (D:1)
  A ball python (D:1)
  A bat (D:1)
  4 goblins
  5 rats (D:1)
23 creatures vanquished.

Notes
Turn   | Place    | Note
-------+----------+-------------------------------------------
     0 | D:1      | croobank the Demonspawn Fighter began the quest for the
                  | Orb.
     0 | D:1      | Reached XP level 1. HP: 18/18 MP: 1/1
   391 | D:1      | Gained mutation: Spells you cast may paralyse adjacent
                  | enemies. [demonic ancestry]
   391 | D:1      | Reached XP level 2. HP: 24/24 MP: 2/2
  1030 | D:2      | Found a faded altar of an unknown god.
  1180 | D:2      | Reached XP level 3. HP: 12/29 MP: 3/3
  1197 | D:3      | Noticed Natasha
  1205 | D:3      | Slain by Natasha

Illustrated notes

Levels and vault maps discovered:
D:1:      dpeg_arrival_round_b, layout_rooms, minmay_pentomino_s4
D:2:      cheibrodos_pilgrimage, layout_rooms, serial_shops, shop,
          basic_ecumenical_altar
D:3:      layout_loops_ring, old_standard_altar, uniq_natasha

Skill      XL: |  1  2 |
---------------+-------+-----
Armour         | 3 |  3.2
Axes           | 2 |  2.3
Shields        | 3 |  3.0
Fighting       | |  3.3
Dodging        | |  0.1

Action                   || total
-------------------------++-------
Melee: War axe           ||    60
  Use: Potion            ||     1
Armor: Scale mail        ||    40
Dodge: Dodged            ||    17
Block: Kite shield       ||    27
